 Dungeon Crawl Stone Soup version 0.29-a0-1019-g84f7d21838 (webtiles) character file.

Game seed: 5849879544861739142

125 xian the Chiller (level 4, -7/21 HPs)
             Began as a Spriggan Ice Elementalist on Aug 11, 2022.
             Killed by divine providence
             ... invoked by an orc priest
              (11 damage)
             ... on level 3 of the Dungeon.
             The game lasted 00:09:03 (3591 turns).

xian the Chiller (Spriggan Ice Elementalist)        Turns: 3591, Time: 00:09:04

Health: -7/21      AC: 10    Str:  4    XL:     4   Next: 82%
Magic:  2/10       EV: 17    Int: 24    God:
Gold:   216        SH:  0    Dex: 15    Spells: 3/10 levels left

rFire   . . .      SeeInvis +   e - +0 short sword
rCold   . . .      Faith    .   (no shield)
rNeg    . . .      Spirit   .   a - +1 robe
rPois   .          Reflect  .   (helmet restricted)
rElec   .          Harm     .   (no cloak)
rCorr   .          Rampage  .   (gloves unavailable)
Will    .....                   (boots unavailable)
Stlth   ++........              (no amulet)
HPRegen 0.07/turn               q - ring of wizardry
MPRegen 0.12/turn               u - +6 ring of intelligence

@: ice-armoured, freezing walls, very quick
A: very small, no large weapons, unfitting armour, see invisible, speed 3
a: no special abilities


You were on level 3 of the Dungeon.
You visited 1 branch of the dungeon, and saw 3 of its levels.

You collected 216 gold pieces.

Inventory:

Hand Weapons
 e - a +0 short sword (weapon)
Missiles
 f - 6 poisoned darts
 s - 6 boomerangs
Armour
 a - a +1 robe (worn)
Jewellery
 q - a ring of wizardry (left hand)
 t - a +4 ring of evasion
 u - a +6 ring of intelligence (right hand)
Scrolls
 d - a scroll of enchant armour
 g - a scroll of amnesia
 m - 2 scrolls of enchant weapon {unknown}
 n - a scroll of silence
 r - a scroll of teleportation {unknown}
Potions
 b - a potion of magic
 c - a potion of cancellation {unknown}
 h - 2 potions of flight {unknown}
 i - a potion of mutation {unknown}
 k - a potion of ambrosia {unknown}
 l - a potion of haste {unknown}
 o - 2 potions of curing {unknown}
 p - 2 potions of brilliance {unknown}


   Skills:
 + Level 0.1 Fighting
 + Level 1.0 Short Blades
 + Level 2.7 Dodging
 + Level 3.5 Stealth
 + Level 3.9 Spellcasting
 + Level 4.4 Ice Magic


You had 3 spell levels left.
You knew the following spells:

 Your Spells              Type           Power      Damage    Failure   Level
a - Freeze                Ice            100%       1d11      1%          1
b - Frozen Ramparts       Ice            52%        1d8       1%          3
c - Ozocubu's Armour      Ice            26%        N/A       1%          3

Your spell library contained the following spells:

 Spells                   Type           Power      Damage    Failure   Level
 Hailstorm                Conj/Ice       15%        3d5       16%         4


Dungeon Overview and Level Annotations

Branches:
Dungeon (3/15)

Altars:
Cheibriados
Kikubaaqudgha
Nemelex Xobeh
Sif Muna
Uskayaw
Zin
Lugonu

Portals:
Abyss: D:3


Innate Abilities, Weirdness & Mutations

You are very small and have problems with some larger weapons.
You are too small for most types of armour.
You have supernaturally acute eyesight. (SInv)
You cover ground extremely quickly. (Speed+++)


Message History

An orc priest comes into view. It is wielding a +0 dagger.
Casting: Freeze (safe; 1% risk of failure)
Confirm with . or Enter, or press ? or * to list all spells.
You don't know that spell.
Casting: Freeze (safe; 1% risk of failure)
Confirm with . or Enter, or press ? or * to list all spells.
A film of ice covers your body!
Casting: Ozocubu's Armour (safe; 1% risk of failure)
Confirm with . or Enter, or press ? or * to list all spells.
Casting: Frozen Ramparts (safe; 1% risk of failure)
Press: ? - help, Dir - look around, f - activate The walls around you are covered in ice.
The orc wizard shouts!
The wall freezes the orc.
The orc hits you but does no damage.
You freeze the orc!
You kill the orc!
The orc priest shouts!
You hear a shout!
The wall freezes the orc.
You freeze the orc.
The orc is severely wounded.
The ball python hisses angrily.
The frilled lizard hisses angrily.
You hear an angry hiss.
An orc comes into view. It is wielding a +0 whip.
The wall freezes the orc.
You kill the orc!
The wall freezes the orc.
The orc priest invokes the aid of Beogh against you.
Beogh smites you!
Ouch! That really hurt!
* * * LOW HITPOINT WARNING * * *
The wall freezes the orc but does no damage.
The orc closely misses you.
You hit the orc.
You kill the orc!
A ball python comes into view.
The wall freezes the orc wizard.
The orc priest mumbles some strange prayers to Beogh against you.
Beogh smites you!
Ouch! That really hurt!
You die...

#.......>.# # #.........#
## ##.........#
.###..........#
..............#
..##..........#
..##..........####
.....#......>....#
...####.....####@########
...# ####### #o#......##
.... #......#..# .....
#####S.._....# ######
.......o..._..# #
#####.........#
#._oo♣....# #....S....#
##....._.##


You could see an orc priest, an orc wizard, 2 orcs and 2 ball pythons.

Vanquished Creatures
  4 gnolls (D:2)
  2 adders
  A worm (D:2)
  A dart slug (D:1)
  3 orcs (D:3)
  8 ball pythons
  4 bats
  7 endoplasms
  3 goblins
  4 hobgoblins
  6 jackals
  2 quokkas (D:1)
  2 frilled lizards
  6 kobolds
  4 rats
  A lurking horror (D:3)
58 creatures vanquished.

Notes
Turn   | Place    | Note
-------+----------+-------------------------------------------
     0 | D:1      | xian the Spriggan Ice Elementalist began the quest for the
                  | Orb.
     0 | D:1      | Reached XP level 1. HP: 9/9 MP: 5/5
   342 | D:1      | Reached XP level 2. HP: 13/13 MP: 5/7
   655 | D:1      | Found a faded altar of an unknown god.
  1791 | D:2      | Reached XP level 3. HP: 16/16 MP: 4/8
  1795 | D:2      | Learned a level 3 spell: Frozen Ramparts
  1799 | D:2      | Learned a level 3 spell: Ozocubu's Armour
  2160 | D:2      | Reached skill level 4 in Ice Magic
  2163 | D:2      | Reached skill level 1 in Short Blades
  2170 | D:2      | Reached XP level 4. HP: 9/21 MP: 0/10
  3179 | D:3      | Found an ancient bone altar of Kikubaaqudgha.
  3265 | D:3      | Found a corrupted altar of Lugonu.
  3273 | D:3      | Found a one-way gate to the infinite horrors of the Abyss.
  3571 | D:3      | Found a snail-covered altar of Cheibriados.
  3574 | D:3      | Found a hide-covered altar of Uskayaw.
  3574 | D:3      | Found a shimmering blue altar of Sif Muna.
  3574 | D:3      | Found a sparkling altar of Nemelex Xobeh.
  3575 | D:3      | Found a glowing silver altar of Zin.
  3591 | D:3      | Killed from afar by an orc priest

Illustrated notes

Levels and vault maps discovered:
D:1:      wheals_arrival_linesprint, layout_basic,
          hellmonk_ecumenical_altar_crossroads, minmay_misc_feat_encased,
          minivault_19
D:2:      layout_loops_ring, kennysheep_generic_room_5
D:3:      layout_rooms, mainiacjoe_overflow_small_starburst,
          makhleb_altar_promises_db, lemuel_doored_altar,
          grunt_temple_overflow_open, amcnicky_altar_lugonu_corruption

Skill      XL: |  1  2  3 |
---------------+----------+-----
Spellcasting   | 3 |  3.9
Ice Magic      | 4 |  4.4
Short Blades   | 1 |  1.0
Fighting       | |  0.1
Dodging        | |  2.7
Stealth        | |  3.5

Action                   |  1- 3 |  4- 6 || total
-------------------------+-------+-------++-------
Melee: Unarmed           |     1 |       ||     1
       Short sword       |    14 |    10 ||    24
 Cast: Freeze            |    44 |    32 ||    76
       Ozocubu's Armour  |     1 |     4 ||     5
       Frozen Ramparts   |     1 |     3 ||     4
  Use: Scroll            |       |     3 ||     3
 Stab: Sleeping          |     4 |     2 ||     6
Armor: Robe              |     1 |     2 ||     3
Dodge: Dodged            |    29 |    22 ||    51

Table legend: (Time is in decaauts)
 A = Elapsed time spent in this place.
 B = Non-inter-level travel time spent in this place.
 C = Inter-level travel time spent in this place.
 D = Time resting spent in this place.
 E = Time spent auto-exploring this place.
 F = Levels seen in this place.
 G = Mean time per level.
                   A        B        C        D        E       F      G
               +--------+--------+--------+--------+--------+-----+--------+
         Total |   2794 |   2737 |     57 |      0 |   2286 |   3 |  931.3 |
       Dungeon |   2794 |   2737 |     57 |      0 |   2286 |   3 |  931.3 |
               +--------+--------+--------+--------+--------+-----+--------+

Top non-repeatable levels by time:
     D:1: 1368 daAuts
     D:2: 1018 daAuts
     D:3: 407 daAuts
